 Dungeon Crawl Stone Soup version 0.29-a0-1009-g60c99734e7 (webtiles) character file.

Game seed: 6770439394203985607

373 drugrobin the Chopper (level 6, -7/52 HPs)
             Began as a Demigod Fighter on Aug 9, 2022.
             Mangled by Pikel
             ... wielding a +1 whip of electrocution
              (16 damage)
             ... on level 3 of the Dungeon.
             The game lasted 00:07:05 (3568 turns).

drugrobin the Chopper (Demigod Fighter)             Turns: 3568, Time: 00:07:05

Health: -7/52      AC: 10    Str: 25    XL:     6   Next: 19%
Magic:  8/8        EV:  7    Int: 10    God:
Gold:   154        SH:  9    Dex: 13    Spells: 5/5 levels left

rFire   . . .      SeeInvis .   a - +0 war axe
rCold   . . .      Faith    .   c - +0 buckler
rNeg    . . .      Spirit   .   t - +0 chain mail
rPois   .          Reflect  +   (no helmet)
rElec   .          Harm     .   f - +0 cloak
rCorr   .          Rampage  .   (no gloves)
Will    .....                   (no boots)
Stlth   ..........              w - amulet of reflection
HPRegen 0.17/turn               (no ring)
MPRegen 0.11/turn               (no ring)

@: mighty
A: high MP 1, forlorn, divine attributes
a: no special abilities


You were on level 3 of the Dungeon.
You visited 1 branch of the dungeon, and saw 4 of its levels.

You collected 214 gold pieces.
You spent 60 gold pieces at shops.

Inventory:

Hand Weapons
 a - a +0 war axe (weapon)
 b - a +0 sling
Missiles
 y - 6 boomerangs (quivered)
 z - 4 poisoned darts
Armour
 c - a +0 buckler (worn)
 f - a +0 cloak (worn)
 t - a +0 chain mail (worn)
 u - a +0 scale mail
Jewellery
 l - an amulet of guardian spirit
 w - an amulet of reflection (around neck)
Wands
 x - a wand of mindburst (17)
Scrolls
 e - 6 scrolls of identify {unknown}
 g - a scroll of magic mapping {unknown}
 h - 2 scrolls of blinking {unknown}
 i - a scroll of acquirement {unknown}
 k - 2 scrolls of vulnerability {unknown}
 o - a scroll of immolation {unknown}
 q - 2 scrolls of teleportation {unknown}
 v - a scroll of amnesia {unknown}
Potions
 j - a potion of flight {unknown}
 m - a potion of brilliance {unknown}
 n - a potion of degeneration {unknown}
 p - 2 potions of haste {unknown}
 s - 2 potions of attraction


   Skills:
 + Level 4.2 Fighting
 * Level 5.0 Axes
 - Level 2.6 Armour
 - Level 2.6 Shields
 + Level 1.3 Evocations


You had 5 spell levels left.
You didn't know any spells.
Your spell library contained the following spells:

 Spells                   Type           Power      Damage    Failure   Level
 Necrotise                Necr           0%         1d4       98%         1
 Sandblast                Erth           0%         2d4       98%         1
 Passwall                 Tmut/Erth      0%         N/A       99%         2
 Dazzling Flash           Conj/Hex       0%         N/A       100%        3
 Portal Projectile        Hex/Tloc       0%         N/A       100%        3
 Stone Arrow              Conj/Erth      0%         3d7       100%        3
 Tukima's Dance           Hex            0%         N/A       100%        3
 Vampiric Draining        Necr           0%         2d6       100%        3
 Iskenderun's Mystic Bla  Conj/Tloc      0%         2d3       100%        4
 Agony                    Necr           0%         N/A       100%        5
 Blade Hands              Tmut           0%         N/A       100%        5
 Starburst                Conj/Fire      0%         6d3       100%        6


Dungeon Overview and Level Annotations

Branches:
Dungeon (4/15)
 Temple: D:4-7

Shops:
D:2 !

Annotations:
D:3 2 transporters, Bl4cKSa5uke's ghost, amateur DsTm; Pikel


Innate Abilities, Weirdness & Mutations

You have an increased reservoir of magic. (+10% MP)
You shall have no god before yourself.
Your divine heritage dramatically boosts your attributes as you level up.


Message History

Unknown command.
Unknown command.
Unknown command.
Pikel hits you with a +1 whip of electrocution.
The lemure barely misses you. You block the gnoll's attack.
You climb upwards.
Level annotation: 2 transporters, Bl4cKSa5uke's ghost, amateur DsTm
There is a stone staircase leading down, spattered with blood here.
Unknown command.
Unknown command.
Press: ? - help, v - describe, . - travel, g - get item
Here: Pikel, wielding a +1 whip of electrocution and wearing a +1 robe of positive energy
Items here: a +0 flail; a +0 dagger; a gnoll skeleton.
The floor, spattered with blood.
Unknown command.
Unknown command.
Unknown command.
You feel very mighty all of a sudden.
Pikel hits you with a +1 whip of electrocution.
You are electrocuted!
* * * LOW HITPOINT WARNING * * *
The lemure hits you!
* * * LOW HITPOINT WARNING * * *
Unknown command.
Unknown command.
Unknown command.
Unknown command.
You feel better. You block Pikel's attack.
The lemure hits you but does no damage.
Unknown command.
Unknown command.
You closely miss Pikel. You closely miss the lemure. Pikel barely misses you.
You block the lemure's attack. The lemure closely misses you.
You block Pikel's attack.
Unknown command.
Unknown command.
Unknown command.
You barely miss Pikel. You closely miss the lemure.
Pikel hits you but does no damage.
You are electrocuted!
You die...

#...................#
#...................#
#....##########.....###
#....# #..........#
#.#### #.(........# #.#
#..........# ###.#
#..........# #...#
#####..........# #.###
#.5@Kg<......^.#
#.########.###..........#
#####...)......#
#..........#
.##...##########
#..........# ....#.#
#..........# ......#
#####.###### ####..# #.#
#..# #.# #..# #.#


You could see Pikel, a lemure and a gnoll.

Vanquished Creatures
  Edmund (D:3)
  2 lemures (D:3)
  Natasha (thrice) (D:3)
  An iguana (D:4)
  4 gnolls
  4 adders
  2 worms (D:2)
  A dart slug (D:1)
  3 orcs (D:3)
  5 ball pythons
  7 bats
  9 endoplasms
  4 giant cockroaches
  6 goblins
  2 hobgoblins (D:2)
  6 jackals
  4 quokkas
  4 frilled lizards
  6 kobolds
  4 rats
78 creatures vanquished.

Notes
Turn   | Place    | Note
-------+----------+-------------------------------------------
     0 | D:1      | drugrobin the Demigod Fighter began the quest for the Orb.
     0 | D:1      | Reached XP level 1. HP: 18/18 MP: 3/3
    24 | D:1      | Reached skill level 2 in Axes
    24 | D:1      | Reached XP level 2. HP: 7/25 MP: 4/4
   895 | D:2      | Reached skill level 3 in Axes
   895 | D:2      | Reached XP level 3. HP: 25/31 MP: 2/5
  1670 | D:2      | Found Noicvy's Distillery.
  1678 | D:2      | Bought a potion of curing for 30 gold pieces
  1678 | D:2      | Bought a potion of attraction for 30 gold pieces
  1745 | D:2      | Reached XP level 4. HP: 25/38 MP: 3/6
  2092 | D:3      | Noticed Bl4cKSa5uke's ghost (amateur DsTm)
  2093 | D:3      | Found a transporter.
  2093 | D:3      | Noticed an ogre
  2097 | D:3      | Noticed an ogre
  2100 | D:3      | Found a transporter.
  2316 | D:3      | Noticed Natasha
  2344 | D:3      | Killed Natasha
  2345 | D:3      | Reached skill level 4 in Axes
  2519 | D:3      | Noticed Natasha
  2526 | D:3      | Killed Natasha
  2527 | D:3      | Reached XP level 5. HP: 38/46 MP: 7/7
  2711 | D:3      | Noticed Natasha
  2719 | D:3      | Killed Natasha
  2752 | D:4      | Noticed Edmund
  2999 | D:4      | Noticed Pikel
  3297 | D:3      | HP: 2/46 [Edmund/+1 flail of holy wrath (6)]
  3301 | D:3      | Killed Edmund
  3302 | D:3      | Reached skill level 5 in Axes
  3302 | D:3      | Reached skill level 1 in Evocations
  3302 | D:3      | Reached XP level 6. HP: 8/52 MP: 8/8
  3565 | D:3      | HP: 2/52 [lemure[Pikel] (7)]
  3568 | D:3      | Mangled by Pikel

Illustrated notes

Levels and vault maps discovered:
D:1:      ebering_trefoil_3fold, layout_rooms, moated_statue
D:2:      minmay_razor_zed, layout_basic, serial_shops, shop, amethyst_killhole,
          serial_bayou_pond_a, minmay_tiny_reverse_x
D:3:      layout_rooms, nicolae_uskayaw_suspiria,
          ebering_ecumenical_altar_abandoned, gammafunk_ghost_smash,
          minmay_misc_feat_columns, uniq_natasha
D:4:      layout_layer_cave, kennysheep_generic_room_9, uniq_eustachio,
          uniq_pikel, uniq_edmund

Skill      XL: |  1  2  3  4  5 |
---------------+----------------+-----
Axes           | 2 3 4 5 |  5.0
Fighting       | 3 4 |  4.2
Evocations     | 1 |  1.3
Armour         | |  2.6
Shields        | |  2.6

Action                   |  1- 3 |  4- 6 || total
-------------------------+-------+-------++-------
Melee: War axe           |   125 |   129 ||   254
 Fire: Sling             |       |     1 ||     1
Throw: Boomerang         |       |     3 ||     3
Evoke: Wand              |       |     3 ||     3
  Use: Potion            |       |     3 ||     3
Armor: Scale mail        |    54 |       ||    54
       Chain mail        |       |    70 ||    70
Dodge: Dodged            |    52 |    48 ||   100
Block: Buckler           |    29 |    68 ||    97

Table legend: (Time is in decaauts)
 A = Elapsed time spent in this place.
 B = Non-inter-level travel time spent in this place.
 C = Inter-level travel time spent in this place.
 D = Time resting spent in this place.
 E = Time spent auto-exploring this place.
 F = Levels seen in this place.
 G = Mean time per level.
                   A        B        C        D        E       F      G
               +--------+--------+--------+--------+--------+-----+--------+
         Total |   3665 |   3440 |    225 |    842 |   1757 |   4 |  916.2 |
       Dungeon |   3665 |   3440 |    225 |    842 |   1757 |   4 |  916.2 |
               +--------+--------+--------+--------+--------+-----+--------+

Top non-repeatable levels by time:
     D:3: 1330 daAuts
     D:2: 1270 daAuts
     D:1: 828 daAuts
     D:4: 236 daAuts
